 Dungeon Crawl Stone Soup version 0.23-a0-448-g1c01f63 (webtiles) character file.

130 mahbraynhurtz the Skirmisher (level 5, -4/43 HPs)
             Began as a Formicid Abyssal Knight on Nov 21, 2018.
             Was a Believer of Lugonu.
             Slain by a worm (8 damage)
             ... on level 3 of the Dungeon.
             The game lasted 00:04:50 (2535 turns).

mahbraynhurtz the Skirmisher (FoAK)                 Turns: 2535, Time: 00:04:51

Health: -4/43      AC:  6    Str: 16    XL:     5   Next: 36%
Magic:  6/6        EV: 10    Int: 13    God:    Lugonu [**....]
Gold:   89         SH:  0    Dex: 10    Spells: 4/4 levels left

rFire    . . .     SeeInvis +   a - +1 hand axe
rCold    . . .     Gourm    .   (no shield)
rNeg     + . .     Faith    .   k - +0 ring mail
rPois    .         Spirit   .   (helmet unavailable)
rElec    .         Reflect  .   (no cloak)
rCorr    .         Harm     .   f - +0 pair of gloves
MR       .....                  (no boots)
Stlth    +.........             (no amulet)
HPRegen  0.14/turn              i - ring of positive energy
MPRegen  0.10/turn              (no ring)

@: no status effects
A: permanent stasis, dig shafts and tunnels, four strong arms, antennae 3
a: Dig, Shaft Self, Depart the Abyss, Bend Space, Renounce Religion


You were on level 3 of the Dungeon.
You worshipped Lugonu.
Lugonu was pleased with you.
You were not hungry.

You visited 1 branch of the dungeon, and saw 3 of its levels.
You visited the Abyss 1 time.

You collected 89 gold pieces.

Inventory:

Hand Weapons
 a - a +1 hand axe (weapon)
Armour
 b - a +0 leather armour
 f - a +0 pair of gloves (worn)
 k - a +0 ring mail (worn)
Jewellery
 i - a ring of positive energy (left hand)
Scrolls
 e - 2 scrolls of teleportation {unknown}
 j - 2 scrolls of amnesia {unknown}
 o - a scroll of fog {unknown}
 p - a scroll of identify {unknown}
 q - a scroll of blinking {unknown}
Potions
 d - a potion of might {unknown}
 g - a potion of lignification {unknown}
 h - a potion of flight {unknown}
 l - 3 potions of curing {unknown}
 n - a potion of berserk rage {unknown}
Comestibles
 c - 6 rations
 m - a chunk of flesh


   Skills:
 + Level 4.5 Fighting
 + Level 4.0 Axes
 - Level 2.1 Armour
 - Level 0.8 Dodging
 + Level 1.4 Stealth
 - Level 2.1 Invocations


You had 4 spell levels left.
You didn't know any spells.
Your spell library was empty.

Dungeon Overview and Level Annotations

Branches:
Dungeon (3/15)

Altars:
Nemelex Xobeh


Innate Abilities, Weirdness & Mutations

You cannot be hasted, slowed, berserked, paralysed or teleported.
You can dig through walls and to a lower floor.
Your four strong arms can wield two-handed weapons with a shield.
You have a pair of large antennae on your head. (SInv)


Message History

Lugonu accepts your kill.
You hit the worm.
The worm is moderately wounded.
The worm bites you but does no damage.
You hit the worm.
The worm is moderately wounded.
You barely miss the worm.
The worm is moderately wounded.
You hear the slow rusting of a very distant drain.
The worm bites you!
* * * LOW HITPOINT WARNING * * *
You hit the worm.
The worm is heavily wounded.
The worm bites you but does no damage.
You barely miss the worm.
The worm is heavily wounded.
You hit the worm.
The worm is severely wounded.
The worm bites you!
You die...

{ #.# #.# # # #.#
## #.# #.# .# #{
##.###.# .#.
.....#.# { #.#
##.# #.#.# #
##.###..###...#
#.##...w@......###
#.....#######..#
####..# #.## #
####.# #.### #.
#..w.# #...#
#.##.##.# #.#.#
#.#.##.# #.#.#
#..##.#######.#.#
#.#†##.........#.#


You could see a worm.

Vanquished Creatures
  A worker ant (D:3)
  3 adders (D:2)
  A worm (D:2)
  A dart slug (D:1)
  4 leopard geckos
  3 giant cockroaches
  6 goblins
  4 hobgoblins
  15 jackals (D:1)
  A quokka (D:2)
  3 ball pythons
  9 bats
  4 frilled lizards (D:1)
  7 kobolds
  3 rats
65 creatures vanquished.

Notes
Turn   | Place    | Note
-------+----------+-------------------------------------------
     0 | Abyss:1  | mahbraynhurtz the Formicid Abyssal Knight began the quest
                  | for the Orb.
     0 | Abyss:1  | Reached XP level 1. HP: 18/18 MP: 2/2
    98 | Abyss:1  | Noticed a quasit
   118 | Abyss:1  | Noticed a quasit
   126 | D:1      | Escaped the Abyss
   433 | D:1      | Reached XP level 2. HP: 16/25 MP: 3/3
   439 | D:1      | Reached * piety under Lugonu
   796 | D:1      | Reached XP level 3. HP: 30/30 MP: 4/4
  1521 | D:1      | Reached skill level 1 in Stealth
  1938 | D:2      | Reached XP level 4. HP: 35/37 MP: 5/5
  1947 | D:2      | Reached ** piety under Lugonu
  2095 | D:2      | Found a sparkling altar of Nemelex Xobeh.
  2166 | D:2      | Reached XP level 5. HP: 36/43 MP: 6/6
  2535 | D:3      | Slain by a worm

Vault maps used:
D:1:      tarquinn_simple_flora_water_a
D:2:      lemuel_round_altar, minmay_vboxes
D:3:      gup_sewer_entry_bowl

Skill      XL: |  1  2  3  4  5 |
---------------+----------------+-----
Fighting       | 4 |  4.5
Stealth        | 1 |  1.4
Axes           | 3 4 |  4.0
Armour         | |  2.1
Dodging        | |  0.8
Invocations    | |  2.1

Action                   |  1- 3 |  4- 6 || total
-------------------------+-------+-------++-------
Melee: Hand axe          |   131 |    98 ||   229
Invok: Depart the Abyss  |     1 |       ||     1
  Eat: Chunk             |     3 |     2 ||     5
Armor: Leather armour    |    41 |       ||    41
       Ring mail         |    24 |    41 ||    65
Dodge: Dodged            |   129 |    68 ||   197

Table legend:
 A = Non-vault XP
 B = Vault XP
 C = Vault XP percentage of total XP
 D = Non-vault monster count
 E = Vault monster count
 F = Vault count percentage of total count
                 A         B        C        D         E       F
            +---------+---------+-------+---------+---------+-------
      Total |     172 |      15 |   8.0 |      58 |       7 |  10.8
            +---------+---------+-------+---------+---------+-------
        D:1 |      63 |       0 |   0.0 |      35 |       0 |   0.0
        D:2 |      72 |      15 |  17.2 |      20 |       7 |  25.9
        D:3 |      37 |       0 |   0.0 |       3 |       0 |   0.0
            +---------+---------+-------+---------+---------+-------
